 Dungeon Sprint DCSS version 0.17.1-3-g152610e (webtiles) character file.

3595 Kokonut the Unseen (level 9, 0/39 HPs)
             Began as a Spriggan Enchanter on Mar 6, 2016.
             Was a Believer of Dithmenos.
             Slain by a trapdoor spider (19 damage)
             ... in the Dungeon (Sprint I: "Red Sonja").
             The game lasted 00:04:29 (903 turns).

Kokonut the Unseen (Spriggan Enchanter)              Turns: 903, Time: 00:04:29

Health: 0/39       AC:  4    Str:  4    XL:     9   Next: 85%
Magic:  7/24       EV: 27    Int: 19    God:    Dithmenos [**....]
Gold:   776        SH:  0    Dex: 17    Spells: 4 memorised, 20 levels left

rFire  . . .     SeeInvis +     a - +1 dagger
rCold  . . .     Clarity  .     b - +1 robe
rNeg   . . .     SustAt   .     (shield restricted)
rPois  .         Gourm    .     (helmet restricted)
rElec  .         Spirit   .     n - +0 cloak
rCorr  .         Warding  .     (gloves unavailable)
rMut   .         NoTele   +     (boots unavailable)
MR     +....                    (no amulet)
Stlth  +++++++++.               (no ring)
                                (no ring)

@: wreathed by umbra, very quick, somewhat resistant to hostile enchantments,
incredibly stealthy
A: unfitting armour, see invisible, herbivore 3, speed 3, slow metabolism 2
a: Shadow Step, Renounce Religion


You were in the Dungeon.
You worshipped Dithmenos.
Dithmenos was pleased with you.
You were not hungry.

You visited 1 branch You collected 776 gold pieces.

Inventory:

Hand Weapons
 a - a +1 dagger (weapon)
Armour
 b - a +1 robe (worn)
 n - a +0 cloak (worn)
Jewellery
 i - an uncursed ring of poison resistance {unknown}
Scrolls
 j - a scroll of blinking
 k - a scroll of recharging {unknown}
 m - a scroll of fog {unknown}
Potions
 f - a potion of heal wounds
 g - a potion of haste
 h - 2 potions of magic
 l - a potion of resistance {unknown}
Books
 c - a book of Maledictions

   Spells                             Type                      Level
   a - Corona                         Hexes                        1
   b - Ensorcelled Hibernation        Hexes/Ice                    2
   c - Confuse                        Hexes                        3
   d - Tukima's Dance                 Hexes                        3
   e - Dazzling Spray                 Conjuration/Hexes            3
Comestibles
 d - a bread ration


   Skills:
 - Level 11.1 Short Blades
 + Level 11.1 Dodging
 + Level 16.2 Stealth
 + Level 10.6 Spellcasting
 + Level 15.5 Hexes


You had 20 spell levels left.
You knew the following spells:

 Your Spells              Type           Power        Failure   Level  Hunger
a - Corona                Hex            ######.      0%          1    None
b - Ensorcelled Hibernat  Hex/Ice        #####.       1%          2    None
c - Dazzling Spray        Conj/Hex       #####...     1%          3    None
d - Confuse               Hex            ######..     1%          3    None


Dungeon Overview and Level Annotations

Branches:
Dungeon (1/1)

Altars:
Cheibriados
Dithmenos
Elyvilon
Fedhas
Gozag
Kikubaaqudgha
Makhleb
Nemelex Xobeh
Okawaru
Qazlal
Ru
Sif Muna
Trog
Vehumet
Xom
Yredelemnul
Zin
The Shining One
Jiyva

Shops:
D *%[


Innate Abilities, Weirdness & Mutations

You are tiny and cannot use many weapons and most armour.
You have supernaturally acute eyesight.
You are a herbivore.
You cover ground extremely quickly.
You need consume almost no food.


Message History

You skewer the trapdoor spider like a kebab!!!!
You kill the trapdoor spider!
Dithmenos accepts your kill.
Your Dodging skill increases to level 11!
A trapdoor spider comes into view.
Casting: Ensorcelled Hibernation
Confirm with . or Enter, or press ? or * to list all spells.
Aiming: Ensorcelled Hibernation
Press: ? - help, Shift-Dir - straight line, f - trapdoor spider
Aim: a trapdoor spider (clinging, umbra, chance to defeat MR: 67%)
The trapdoor spider resists with significant effort.
The trapdoor spider bites you.
Casting: Ensorcelled Hibernation
Confirm with . or Enter, or press ? or * to list all spells.
Aiming: Ensorcelled Hibernation
Press: ? - help, Shift-Dir - straight line, f/p - trapdoor spider
Aim: a trapdoor spider (clinging, umbra, chance to defeat MR: 67%)
The trapdoor spider resists with significant effort.
The trapdoor spider bites you!!
You die...

'..#..'^.'..#
#####'#__####
#...#[####.)####
#..##[#≈§§§§#..#
##'#..+§≈§§§§§.#
.'..._#§§§.§#..#
##_.#'##§#####'###
###'#.#§.§§###.'.#
###.####§###.###@#
.'...'.....'.∩##s#
##.).###########s#
##.## #.# #+# +§#
#§#


You could see 2 trapdoor spiders.

Vanquished Creatures
  2 centaur warriors (D)
  Sonja (D)
  A deep troll (D)
  An oklob plant (D)
  A slime creature (D)
  A trapdoor spider (D)
  Sigmund (D)
  A yak (D)
  An ogre (D)
  A wasp (D)
  A jelly (D)
  Ijyb (D)
13 creatures vanquished.

Notes
Turn   | Place    | Note
--------------------------------------------------------------
     0 | D        | Kokonut the Spriggan Enchanter began the quest for the Orb.
     0 | D        | Reached XP level 1. HP: 9/9 MP: 5/5
     1 | D        | Noticed Ijyb
     6 | D        | Killed Ijyb
     6 | D        | Reached skill level 6 in Stealth
     6 | D        | Reached XP level 2. HP: 13/13 MP: 6/6
    15 | D        | Learned a level 2 spell: Ensorcelled Hibernation
    48 | D        | Noticed an ogre
    56 | D        | Killed an ogre
    56 | D        | Reached skill level 9 in Stealth
    56 | D        | Reached XP level 3. HP: 16/16 MP: 0/8
    56 | D        | Reached XP level 4. HP: 21/21 MP: 0/9
   137 | D        | Noticed Sigmund
   140 | D        | Killed Sigmund
   140 | D        | Reached skill level 11 in Stealth
   140 | D        | Reached skill level 5 in Spellcasting
   140 | D        | Reached XP level 5. HP: 24/24 MP: 10/14
   156 | D        | Learned a level 3 spell: Dazzling Spray
   160 | D        | Learned a level 3 spell: Confuse
   171 | D        | Found a snail-covered altar of Cheibriados.
   171 | D        | Found a viscous altar of Jiyva.
   171 | D        | Found a shadowy altar of Dithmenos.
   171 | D        | Found a blossoming altar of Fedhas.
   171 | D        | Noticed a slime creature
   187 | D        | Killed a slime creature
   187 | D        | Reached skill level 5 in Short Blades
   187 | D        | Reached skill level 12 in Stealth
   187 | D        | Reached XP level 6. HP: 10/28 MP: 7/15
   195 | D        | Became a worshipper of Dithmenos the Shadowed
   391 | D        | Found a deep blue altar of Sif Muna.
   392 | D        | Noticed a jelly
   393 | D        | Found a radiant altar of Vehumet.
   397 | D        | Killed a jelly
   421 | D        | Found Riuhorum's Food Emporium.
   421 | D        | Found a white marble altar of Elyvilon.
   421 | D        | Found a stormy altar of Qazlal.
   421 | D        | Found a burning altar of Makhleb.
   421 | D        | Found a sacrificial altar of Ru.
   421 | D        | Found a basalt altar of Yredelemnul.
   421 | D        | Found a glowing golden altar of the Shining One.
   421 | D        | Found a sparkling altar of Nemelex Xobeh.
   421 | D        | Found a shimmering altar of Xom.
   421 | D        | Found an opulent altar of Gozag.
   421 | D        | Found an ancient bone altar of Kikubaaqudgha.
   421 | D        | Found a glowing silver altar of Zin.
   421 | D        | Noticed a yak
   424 | D        | Killed a yak
   424 | D        | Reached skill level 13 in Hexes
   424 | D        | Reached XP level 7. HP: 19/32 MP: 10/16
   425 | D        | Found an iron altar of Okawaru.
   426 | D        | Found a bloodstained altar of Trog.
   556 | D        | Noticed Sonja
   560 | D        | Killed Sonja
   560 | D        | Reached * piety under Dithmenos
   560 | D        | Reached XP level 8. HP: 36/36 MP: 16/19
   576 | D        | Found Ugolouxo's Assorted Antiques.
   596 | D        | Noticed a deep troll
   600 | D        | Killed a deep troll
   600 | D        | Reached skill level 10 in Short Blades
   600 | D        | Reached skill level 14 in Stealth
   610 | D        | Found Wurakhlof's Armour Emporium.
   638 | D        | Noticed a centaur warrior
   640 | D        | Noticed a centaur warrior
   642 | D        | Killed a centaur warrior
   642 | D        | Reached XP level 9. HP: 39/39 MP: 21/23
   643 | D        | Killed a centaur warrior
   643 | D        | Reached skill level 10 in Dodging
   643 | D        | Reached skill level 15 in Stealth
   643 | D        | Reached skill level 10 in Spellcasting
   643 | D        | Reached skill level 15 in Hexes
   650 | D        | Noticed a wasp
   652 | D        | Paralysed by a wasp for 3 turns
   657 | D        | Killed a wasp
   657 | D        | Reached ** piety under Dithmenos
   885 | D        | Noticed an oklob plant
   887 | D        | Killed an oklob plant
   887 | D        | Reached skill level 16 in Stealth
   894 | D        | Noticed a trapdoor spider
   896 | D        | Noticed a trapdoor spider
   901 | D        | Killed a trapdoor spider
   902 | D        | Noticed a trapdoor spider
   903 | D        | Slain by a trapdoor spider

Action                   |  1- 3 |  4- 6 |  7- 9 || total
-------------------------+-------+-------+-------++-------
Melee: Dagger            |     4 |     5 |     7 ||    16
 Cast: Ensorcelled Hiber |     3 |     8 |    10 ||    21
  Use: Potion            |     1 |       |     1 ||     2
 Stab: Sleeping          |     1 |     5 |     7 ||    13
